 Dungeon Crawl Stone Soup version 0.22.0 (webtiles) character file.

94 BigChef the Poker (level 4, -10/37 HPs)
             Began as a Demonspawn Chaos Knight on Aug 29, 2018.
             Mangled by a shadow (12 damage)
             ... summoned by the capriciousness of Xom
             ... on level 3 of the Dungeon.
             The game lasted 00:03:15 (1713 turns).

BigChef the Poker (Demonspawn Chaos Knight)         Turns: 1713, Time: 00:03:16

Health: -10/37     AC: 11    Str: 14    XL:     4   Next: 38%
Magic:  13/13      EV:  8    Int: 13    God:    Xom [......]
Gold:   40         SH:  0    Dex: 12    Spells: 3/3 levels left

rFire    . . .     SeeInvis .   a - +1 spear (chaos)
rCold    + . .     Gourm    .   (no shield)
rNeg     . . .     Faith    .   b - +2 leather armour
rPois    .         Spirit   .   (no helmet)
rElec    .         Reflect  .   (no cloak)
rCorr    .         Harm     .   (no gloves)
MR       .....     Rnd*Tele +   (no boots)
Stlth    ++........             (no amulet)
HPRegen  0.12/turn              i - ring of teleportation (curse)
MPRegen  0.13/turn              g - ring of magical power

@: about to teleport, sanguine armour, constricted
A: blurry vision 1, cold resistance 1, deterioration 1, nightstalker 1, sanguine
armour 1
a: Renounce Religion


You were on level 3 of the Dungeon.
You worshipped Xom.
You were a very special plaything of Xom.
You were not hungry.

You visited 1 branch of the dungeon, and saw 3 of its levels.

You collected 40 gold pieces.

Inventory:

Hand Weapons
 a - a +1 spear of chaos (weapon)
Armour
 b - a +2 leather armour (worn)
Jewellery
 g - a ring of magical power (right hand)
 i - a cursed ring of teleportation (left hand)
Scrolls
 d - a scroll of remove curse
 h - a scroll of enchant weapon
 m - a scroll of identify
Potions
 e - a potion of invisibility {unknown}
 f - a potion of mutation {unknown}
 j - a potion of haste {unknown}
Comestibles
 c - a ration
 k - 2 chunks of flesh


   Skills:
 + Level 3.7 Fighting
 + Level 3.9 Polearms
 + Level 2.1 Armour
 + Level 1.0 Dodging
 + Level 0.3 Stealth


You had 3 spell levels left.
You didn't know any spells.
Your spell library was empty.

Dungeon Overview and Level Annotations

Branches:
Dungeon (3/15)

Altars:
Okawaru
The Shining One


Innate Abilities, Weirdness & Mutations

Your flesh is cold resistant. (rC+)
You are slightly more attuned to the shadows.
When seriously injured, your bleeding wounds create armour. (AC +6)
Scrolls take you a little longer to read.
Your body sometimes deteriorates upon taking damage.


Message History

The shadow barely misses you. The shadow hits you!
* * * LOW HITPOINT WARNING * * *
You begin reading the scroll.
You continue reading the scroll.
The shadow slips into darkness.
The shadow flickers and vanishes!
Deactivating autopickup; reactivate with Ctrl-A.
The ball python bites you but does no damage.
The ball python grabs you. The ball python constricts you. The shadow hits you.
As you read the scroll labeled RUUGAR PAHU, it crumbles to dust.
You feel strangely unstable.
It was a scroll of teleportation.
Unknown command.
Unknown command.
Unknown command.
Wield which item (- for none, * to show all)? (? for menu, Esc to quit)
Okay, then.
The ball python bites you but does no damage.
The ball python constricts you.
The shadow strikes at you from the darkness!
You die...
Xom thinks this is hilarious!

######### #
####. .....
.....##+####
...........#
.....W.{...#
.....†@....#
.....S.....#
...........#
..##.w.....#
. #.......#
...######
#.<.


You could see a shadow, a worm and a ball python.

Vanquished Creatures
  3 adders
  An ooze (D:1)
  2 dart slugs
  A leopard gecko (D:1)
  3 orcs (D:3)
  3 ball pythons
  4 bats
  7 goblins
  5 hobgoblins
  4 jackals (D:2)
  5 kobolds
  3 frilled lizards
  5 rats
46 creatures vanquished.

Vanquished Creatures (collateral kills)
  An ooze (D:1)
1 creature vanquished.

Grand Total: 47 creatures vanquished

Notes
Turn   | Place    | Note
-------+----------+-------------------------------------------
     0 | D:1      | BigChef the Demonspawn Chaos Knight began the quest for the Orb.
     0 | D:1      | Reached XP level 1. HP: 18/18 MP: 1/1
    15 | D:1      | XOM: smoke on damage
   116 | D:1      | Gained mutation: Your flesh is cold resistant. (rC+) [demonic ancestry]
   116 | D:1      | Reached XP level 2. HP: 21/24 MP: 2/2
   311 | D:1      | Gained mutation: When seriously injured, your bleeding wounds create armour. (AC +6) [demonic ancestry]
   311 | D:1      | Reached XP level 3. HP: 25/29 MP: 3/3
   445 | D:1      | XOM: silly message
   499 | D:1      | XOM: silly message
   679 | D:2      | XOM: harmless Air miscast
   811 | D:2      | XOM: divination: detect items
   883 | D:2      | Found a glowing golden altar of the Shining One.
   919 | D:2      | XOM: mild Ice miscast
  1005 | D:2      | Found a faded altar of an unknown god.
  1271 | D:2      | XOM: harmless Fire miscast
  1298 | D:2      | XOM: harmless Air miscast
  1367 | D:2      | XOM: noise
  1569 | D:3      | XOM: harmless Air miscast
  1607 | D:3      | Gained mutation: You are slightly more attuned to the shadows. [demonic ancestry]
  1607 | D:3      | Reached XP level 4. HP: 36/36 MP: 4/4
  1611 | D:3      | XOM: polymorph orc -> hobgoblin
  1660 | D:3      | Found an iron altar of Okawaru.
  1670 | D:3      | Reached skill level 1 in Dodging
  1682 | D:3      | XOM: give mutations
  1682 | D:3      | Gained mutation: Scrolls take you a little longer to read. [Xom's mischief]
  1682 | D:3      | Gained mutation: Your body sometimes deteriorates upon taking damage. [Xom's mischief]
  1683 | D:3      | XOM: silly message
  1707 | D:3      | XOM: medium Necr miscast
  1708 | D:3      | Noticed a shadow
  1708 | D:3      | Noticed a shadow
  1713 | D:3      | Mangled by a shadow

Skill      XL: |  1  2  3  4 |
---------------+-------------+-----
Polearms       | 3 |  3.9
Armour         | 2 |  2.1
Dodging        | 1 |  1.0
Fighting       | |  3.7
Stealth        | |  0.3

Action                   |  1- 3 |  4- 6 || total
-------------------------+-------+-------++-------
Melee: Spear             |   115 |    31 ||   146
  Use: Scroll            |     4 |     1 ||     5
 Stab: Sleeping          |     2 |     2 ||     4
  Eat: Chunk             |     1 |     2 ||     3
Armor: Leather armour    |    20 |     7 ||    27
Dodge: Dodged            |    37 |    14 ||    51
